Map: Lerilak Crest

Players

WongTong

  • Race: Zerg Zerg
  • League: Silver

CaptRaynor - Winner!

  • Race: Protoss Protoss
  • League: Bronze

VOD

Have the link to the VOD?

Description

Time

  • Played on: March 26, 2016, 12:33 a.m.
  • Length: 12:41
Show
View Real Time Build Order
Export as new Build Order

WongTong Zerg 

Build Orders: Pool First 

Get SALT Encoding   

  12  0:19  Spawning Pool  
  11  0:26  Drone  
  11  0:27  Drone  
  13  0:37  Overlord  
  13  0:43  Drone  
  14  1:06  Zergling x4  
  14  1:08  Queen  
  14  1:09  Zergling x2  
  19  1:29  Drone  
  20  1:43  Drone x2  
  22  2:01  Hatchery  
  21  2:05  Drone  
  21  2:07  Overlord  
  19  2:40  Drone x4  
  19  2:42  Hatchery  
  22  2:56  Drone x3  
  22  2:57  Drone  
  26  3:00  Extractor  
  26  3:01  Extractor  
  24  3:09  Drone  
  25  3:14  Roach Warren  
  24  3:28  Drone x5  
  29  3:34  Queen  
  31  3:44  Drone x2  
  31  3:45  Drone  
  34  3:54  Drone x2  
  36  4:00  Lair  
  36  4:09  Drone x3  
  39  4:10  Drone  
  39  4:13  Overlord  
  40  4:27  Spine Crawler, Queen  
  41  4:32  Spine Crawler  
  41  4:33  Overlord  
  40  4:45  Spore Crawler  
  40  4:48  Spore Crawler  
  40  4:49  Drone x2  
  40  4:55  Drone x3  
  43  5:03  Queen  
  45  5:21  Glial Reconstitution  
  45  5:24  Drone x4  
  45  5:25  Drone x7  
  45  5:26  Drone  
  45  5:28  Overlord  
  57  5:30  Overlord  
  57  5:39  Overseer  
  57  5:43  Extractor  
  57  5:44  Extractor  
  55  5:56  Drone x2  
  57  6:01  Hydralisk Den  
  56  6:08  Evolution Chamber  
  55  6:13  Drone x3  
  55  6:15  Roach x7  
  55  6:16  Roach  
  55  6:17  Overlord x4  
  74  6:24  Spore Crawler  
  73  6:28  Spine Crawler  
  71  6:38  Zerg Missile Weapons Level 1  
  71  6:44  Lurker Den  
  71  6:49  Drone x4  
  71  6:50  Drone x2  
  71  6:51  Hatchery  
  76  6:57  Queen  
  76  7:00  Queen  
  80  7:15  Drone x7  
  86  7:16  Drone  
  88  7:41  Extractor  
  87  7:45  Extractor  
  86  8:11  Ravager x2  
  86  8:12  Ravager x6  
  94  8:22  Roach x4  
  94  8:23  Roach  
  94  8:24  Overlord x3  
  94  8:25  Overlord x8  
  94  8:26  Overlord x7  
  104  8:43  Drone x6  
  110  8:53  Roach x2  
  110  8:54  Roach x8  
  110  8:55  Roach x4  
  138  9:14  Hydralisk  
  138  9:15  Hydralisk x7  
  154  9:40  Hydralisk x6  
  154  9:41  Hydralisk x4  
  154  9:43  Queen  
  176  10:05  Hydralisk x3  
  176  10:06  Hydralisk x8  
  198  10:30  Overlord  
  198  10:31  Overlord x2  
  192  11:25  Hatchery  
  191  11:30  Overlord x2  
  189  11:40  Hatchery  
  133  11:54  Hydralisk x3  
  133  11:55  Hydralisk x7  
  133  11:56  Hydralisk x7  
  152  12:13  Extractor  
  163  12:22  Spore Crawler  
Show
View Real Time Build Order
Export as new Build Order

CaptRaynor Protoss - Winner!

Build Orders:  

Get SALT Encoding   

  12  0:01  Probe (Chrono Boost)  
  13  0:12  Probe (Chrono Boost)  
  14  0:22  Pylon, Probe (Chrono Boost)  
  15  0:40  Probe (Chrono Boost)  
  16  0:48  Gateway  
  16  0:51  Probe (Chrono Boost)  
  17  1:03  Assimilator  
  17  1:09  Pylon  
  17  1:11  Probe (Chrono Boost)  
  18  1:22  Probe (Chrono Boost)  
  19  1:39  Zealot (Chrono Boost)  
  21  1:40  Cybernetics Core  
  21  1:41  Probe  
  22  1:53  Probe  
  23  2:32  Pylon  
  23  2:35  Pylon  
  23  2:46  Pylon  
  23  2:52  Nexus  
  23  2:54  Probe  
  23  2:57  Assimilator, Warp Gate (Chrono Boost)  
  24  2:58  Gateway  
  24  3:04  Adept  
  26  3:06  Pylon  
  26  3:08  Mothership Core  
  28  3:31  Stargate  
  28  3:43  Probe  
  29  3:56  Gateway  
  29  4:04  Probe  
  29  4:06  Probe  
  29  4:08  Assimilator  
  31  4:15  Void Ray (Chrono Boost)  
  35  4:17  Probe  
  35  4:18  Probe  
  37  4:27  Protoss Air Weapons Level 1 (Chrono Boost), Pylon  
  37  4:30  Probe (Chrono Boost)  
  37  4:31  Probe (Chrono Boost)  
  39  4:45  Probe x2 (Chrono Boost)  
  41  4:53  Assimilator  
  41  4:58  Void Ray (Chrono Boost)  
  45  5:05  Pylon  
  45  5:08  Adept x2  
  49  5:31  Probe x2  
  51  5:38  Gateway  
  51  5:40  Void Ray (Chrono Boost)  
  55  5:45  Stargate  
  55  5:47  Probe x2  
  57  5:52  Adept  
  57  5:53  Adept  
  61  6:09  Probe x2  
  63  6:21  Void Ray (Chrono Boost)  
  63  6:22  Probe x2  
  69  6:33  Void Ray (Chrono Boost)  
  69  6:34  Probe x2  
  69  6:38  Protoss Air Armor Level 1  
  75  6:47  Probe  
  75  6:48  Probe  
  77  6:55  Pylon  
  77  6:59  Pylon, Probe  
  78  7:06  Pylon  
  78  7:11  Pylon  
  78  7:21  Void Ray x2 (Chrono Boost)  
  86  7:27  Adept  
  86  7:28  Adept x2  
  92  7:42  Fleet Beacon  
  92  7:50  Adept x3  
  98  7:58  Pylon  
  98  8:08  Nexus  
  98  8:22  Pylon  
  98  8:29  Adept x3  
  98  8:30  Adept  
  98  8:33  Carrier (Chrono Boost)  
  106  8:38  Graviton Catapult  
  112  8:46  Protoss Air Weapons Level 2 (Chrono Boost)  
  112  9:21  Carrier  
  118  9:47  Carrier  
  124  10:05  Probe  
  124  10:06  Probe x2  
  127  10:26  Probe x3  
  130  10:30  Assimilator  
  130  10:34  Assimilator  
  130  10:37  Pylon  
  118  11:06  Carrier (Chrono Boost)  
  124  11:20  Void Ray  
  126  11:30  Sentry x4  
Tags
 
Add a new tag
Caveats
  • Supply blocks, unpowered buildings, or Contaminate may cause inaccurate times.
  • Supply counts are checked every 10 seconds.